 Dungeon Crawl Stone Soup version 0.22.0-6-g71bd7aa (webtiles) character file.

63 Gravenous the Chucker (level 3, -2/36 HPs)
             Began as a Troll Hunter on Aug 15, 2018.
             Killed from afar by Natasha (6 damage)
             ... with a magic dart
             ... on level 3 of the Dungeon.
             The game lasted 00:01:53 (988 turns).

Gravenous the Chucker (Troll Hunter)                 Turns: 988, Time: 00:01:54

Health: -2/36      AC:  5    Str: 23    XL:     3   Next: 87%
Magic:  2/2        EV: 10    Int:  8    God:
Gold:   52         SH:  0    Dex: 10    Spells: 2/2 levels left

rFire    . . .     SeeInvis .     - Unarmed
rCold    . . .     Gourm    +   (no shield)
rNeg     . . .     Faith    .   b - +0 robe
rPois    .         Spirit   .   (helmet restricted)
rElec    .         Reflect  .   (no cloak)
rCorr    +         Harm     .   (gloves unavailable)
MR       .....                  (boots unavailable)
Stlth    +.........             (no amulet)
HPRegen  0.52/turn              i - ring of resist corrosion
MPRegen  0.08/turn              m - +3 ring of strength

@: no status effects
A: large, unfitting armour, claws 3, fast metabolism 3, gourmand, regeneration
1, shaggy fur 1, tough skin 2
a: no special abilities


You were on level 3 of the Dungeon.
You were very full.

You visited 1 branch of the dungeon, and saw 3 of its levels.

You collected 52 gold pieces.

Inventory:

Missiles
 c - 5 large rocks (quivered)
 d - 2 throwing nets
Armour
 b - a +0 robe (worn)
 n - a +0 shield
Jewellery
 i - a ring of resist corrosion (left claw)
 m - a +3 ring of strength (right claw)
Scrolls
 e - a scroll of enchant armour {unknown}
 g - 4 scrolls of teleportation {unknown}
 h - 2 scrolls of immolation {unknown}
 k - a scroll of identify {unknown}
Potions
 a - a potion of magic {unknown}
 j - a potion of flight {unknown}
 l - a potion of heal wounds {unknown}
Comestibles
 f - 6 rations


   Skills:
 + Level 2.3 Fighting
 - Level 3.6 Throwing
 - Level 1.5 Dodging
 - Level 0.3 Stealth
 * Level 0.0 Shields
 * Level 2.8 Unarmed Combat


You had 2 spell levels left.
You didn't know any spells.
Your spell library was empty.

Dungeon Overview and Level Annotations

Branches:
Dungeon (3/15)

Altars:
Ashenzari
Hepliaklqana
Trog
Wu Jian
Xom
The Shining One

Annotations:
D:3 Natasha


Innate Abilities, Weirdness & Mutations

You are too large for most types of armour.
You have claws for hands.
Your metabolism is lightning-fast.
You like to eat raw meat.
Your natural rate of healing is unusually fast.
You are covered in fur. (AC +1)
You have very tough skin. (AC +2)


Message History

* * * LOW HITPOINT WARNING * * *
You closely miss Natasha.
Natasha is lightly wounded.
Natasha claws you.
* * * LOW HITPOINT WARNING * * *
You miss Natasha.
Natasha growls.
Natasha claws you but does no damage.
You scratch Natasha.
Natasha is moderately wounded.
Natasha mumbles some strange words.
You claw Natasha!
Natasha is almost dead.
Natasha casts a spell.
You closely miss Natasha.
Natasha is almost dead.
The white imp hits you but does no damage.
Natasha casts a spell at you. The magic dart hits you!
You die...

.# ##.#
######..######
#............
#.....<....#
#.........(#
#..........#
#.....h..%.#
#......@...#
#<..5.5....#
############


You could see Natasha, a crimson imp and a white imp.

Vanquished Creatures
  4 adders (D:2)
  A worm (D:2)
  A giant cockroach (D:2)
  2 goblins
  5 hobgoblins
  2 jackals (D:1)
  A quokka (D:3)
  2 bats (D:1)
  3 frilled lizards (D:1)
  3 kobolds
  2 rats
26 creatures vanquished.

Notes
Turn   | Place    | Note
-------+----------+-------------------------------------------
     0 | D:1      | Gravenous the Troll Hunter began the quest for the Orb.
     0 | D:1      | Reached XP level 1. HP: 19/19 MP: 0/0
    42 | D:1      | Reached skill level 1 in Unarmed Combat
    73 | D:1      | Reached XP level 2. HP: 28/28 MP: 1/1
   153 | D:1      | Found a glowing golden altar of the Shining One.
   530 | D:2      | Reached XP level 3. HP: 17/35 MP: 2/2
   712 | D:2      | Found a hazy altar of Hepliaklqana.
   713 | D:2      | Found a shimmering altar of Xom.
   715 | D:2      | Found a bloodstained altar of Trog.
   715 | D:2      | Found an ornate altar of the Wu Jian Council.
   817 | D:2      | Found a shattered altar of Ashenzari.
   971 | D:3      | Noticed Natasha
   988 | D:3      | Killed from afar by Natasha

Skill      XL: |  1  2 |
---------------+-------+-----
Unarmed Combat | 1 2 |  2.8
Fighting       | 2 |  2.3
Throwing       | |  3.6
Dodging        | |  1.5
Stealth        | |  0.3

Action                   || total
-------------------------++-------
Melee: Unarmed           ||    82
 Stab: Sleeping          ||     1
  Eat: Chunk             ||    14
Armor: Robe              ||    32
Dodge: Dodged            ||    56
